 Dungeon Crawl Stone Soup version 0.26-b1-32-g5d43845318 (webtiles) character file.

Game seed: 10452616611932404341

211 roguesci the Ruffian (level 5, -2/46 HPs)
             Began as a Naga Transmuter on Jan 12, 2021.
             Slain by an orc
             ... wielding a +0 flail
              (10 damage)
             ... on level 3 of the Dungeon.
             The game lasted 00:06:47 (4105 turns).

roguesci the Ruffian (Naga Transmuter)              Turns: 4105, Time: 00:06:48

Health: -2/46      AC:  2    Str: 14    XL:     5   Next: 88%
Magic:  3/8        EV: 20    Int: 13    God:
Gold:   169        SH:  0    Dex: 16    Spells: 5/9 levels left

rFire    . . .     SeeInvis +     - Unarmed
rCold    . . .     Faith    .   (shield currently unavailable)
rNeg     . . .     Spirit   .   (armour currently unavailable)
rPois    x         Reflect  .   (helmet currently unavailable)
rElec    .         Harm     .   (cloak currently unavailable)
rCorr    .         Rampage  .   (gloves currently unavailable)
Will     .....                  (no barding)
Stlth    +.........             (no amulet)
HPRegen  0.15/turn              (no ring)
MPRegen  0.11/turn              (no ring)

@: spider-form
A: tiny, see invisible, spit poison 1, AC +1
a: Spit Poison, End Transformation


You were on level 3 of the Dungeon.
You were a venomous arachnid creature.
You visited 1 branch of the dungeon, and saw 3 of its levels.

You collected 169 gold pieces.

Inventory:

Armour
 a - a +0 robe (melded)
Scrolls
 b - a scroll of remove curse {unknown}
 c - a scroll of amnesia {unknown}
 d - a scroll of noise {unknown}
 e - a scroll of enchant armour {unknown}
 g - 6 scrolls of identify {unknown}
 l - a scroll of blinking
Potions
 f - a potion of heal wounds
 h - 3 potions of degeneration {unknown}
 i - a potion of curing
 j - a potion of invisibility {unknown}
 k - a potion of flight


   Skills:
 * Level 2.5 Fighting
 + Level 2.1 Dodging
 + Level 3.4 Unarmed Combat
 + Level 2.5 Spellcasting
 * Level 3.2 Transmutations
 * Level 2.8 Poison Magic
 + Level 1.4 Invocations


You had 5 spell levels left.
You knew the following spells:

 Your Spells              Type           Power        Failure   Level
a - Beastly Appendage     Tmut           18%          17%         1
b - Spider Form           Tmut/Pois      4%           43%         3

Your spell library contained the following spells:

 Spells                   Type           Power        Failure   Level
 Wereblood                Tmut           9%           24%         2
 Ice Form                 Ice/Tmut       5%           90%         4
 Blade Hands              Tmut           4%           96%         5


Dungeon Overview and Level Annotations

Branches:
Dungeon (3/15)

Altars:


Innate Abilities, Weirdness & Mutations

You cannot wear boots.
((Your serpentine skin is tough. (AC +1)))
You have supernaturally acute eyesight. (SInv)
((Armour fits poorly on your strangely shaped body.))
((Your system is resistant to poisons. (rPois)))
((You cover ground very slowly.))
You can spit poison.


Message History

You barely miss the orc.
The orc is severely wounded.
The orc completely misses you. The orc hits you with a +0 flail.
You hit the orc.
The orc is severely wounded.
Your transformation has ended.
Your +0 robe unmelds from your body.
The orc barely misses you. The orc hits you with a +0 flail.
Unknown command.
Casting: Spider Form (quite dangerous; 22% risk of failure)
Confirm with . or Enter, or press ? or * to list all spells.
The spell is quite dangerous to cast (22% risk of failure)!
Continue anyway?
You turn into a venomous arachnid creature.
Your +0 robe melds into your body.
You kill the orc!
The orc priest mumbles some strange prayers to Beogh against you.
Beogh smites you!
* * * LOW HITPOINT WARNING * * *
The orc hits you with a +0 flail!
You die...

...#### #....# ...# #....#
...####'#....## ...+.
###...........# ..#.##
.........o....# ....#.# ##
..............# #.#...#.# .
..............# #.#...#.#.#
.............o#####+#.#...#.#.#..
...........†....s.....#..........
.............).o.........<#.#####
.....#####............###.#.#....
.....#####..................#.###
............................#.#
..............######....#...#.#
..............# #.##.#..>#.#
############### #.##.#.###.#
#..........#


You could see an orc priest and an orc (very poisoned).

Vanquished Creatures
  A bullfrog (D:3)
  An orc priest (D:3)
  Terence (D:1)
  4 adders (D:2)
  2 worms (D:2)
  3 dart slugs
  4 orcs
  5 bats
  3 giant cockroaches (D:2)
  4 hobgoblins
  4 jackals (D:1)
  7 kobolds
  A quokka (D:3)
  2 frilled lizards
  2 goblins (D:1)
  3 rats
47 creatures vanquished.

Notes
Turn   | Place    | Note
-------+----------+-------------------------------------------
     0 | D:1      | roguesci the Naga Transmuter began the quest for the Orb.
     0 | D:1      | Reached XP level 1. HP: 18/18 MP: 3/3
   547 | D:1      | Reached XP level 2. HP: 24/25 MP: 3/5
  1286 | D:1      | Reached skill level 1 in Poison Magic
  1716 | D:2      | Reached XP level 3. HP: 21/31 MP: 4/6
  1912 | D:2      | Learned a level 3 spell: Spider Form
  2044 | D:2      | Noticed Terence
  2447 | D:2      | Reached XP level 4. HP: 31/39 MP: 5/7
  2690 | D:2      | Reached skill level 1 in Invocations
  3674 | D:1      | Killed Terence
  3971 | D:3      | Noticed a bullfrog
  3979 | D:3      | Killed a bullfrog
  3980 | D:3      | Reached XP level 5. HP: 43/46 MP: 3/8
  4105 | D:3      | Slain by an orc

Illustrated notes

Levels and vault maps discovered:
D:1:      minmay_arrival_glassed_features, layout_basic
D:2:      layout_basic, serial_glass, glass_columns_a, glass_columns_c,
          glass_columns_c, glass_columns_a, glass_columns_b, glass_columns_a,
          glass_columns_b, glass_columns_a, feat_on_display,
          minmay_strange_pillars, feat_on_display, uniq_terence
D:3:      layout_basic

Skill      XL: |  1  2  3  4 |
---------------+-------------+-----
Poison Magic   | 1 2 |  2.8
Invocations    | 1 |  1.4
Fighting       | 2 |  2.5
Dodging        | 2 |  2.1
Transmutations | 3 |  3.2
Unarmed Combat | |  3.4
Spellcasting   | |  2.5

Action                   |  1- 3 |  4- 6 || total
-------------------------+-------+-------++-------
Melee: Unarmed           |    89 |    91 ||   180
       Headbutt          |     8 |     3 ||    11
       Punch             |       |     1 ||     1
 Cast: Beastly Appendage |    16 |    12 ||    28
       Spider Form       |       |     7 ||     7
 Abil: Spit Poison       |     4 |     4 ||     8
  Use: Potion            |     6 |       ||     6
       Scroll            |     2 |       ||     2
Armor: Robe              |    15 |     8 ||    23
Dodge: Dodged            |    58 |    58 ||   116
